 Dungeon Crawl Stone Soup version 0.26-a0-710-g95a0c6c400 (webtiles) character file.

Game seed: 2431799951308211496

188 Ijustatesigmund the Cudgeler (level 5, -1/37 HPs)
             Began as an Octopode Fighter on Oct 30, 2020.
             Slain by a scorpion (10 damage)
             ... on level 3 of the Dungeon.
             The game lasted 00:04:27 (3750 turns).

Ijustatesigmund the Cudgeler (Octopode Fighter)     Turns: 3750, Time: 00:04:28

Health: -1/37      AC:  1    Str: 11 (15) XL:     5   Next: 67%
Magic:  5/5        EV: 11    Int: 10 (11) God:
Gold:   145        SH: 10    Dex:  9 (12) Spells: 4/4 levels left

rFire    . . .     SeeInvis .   a - +0 flail
rCold    + . .     Faith    .   b - +2 kite shield
rNeg     . . .     Spirit   .   (helmet restricted)
rPois    .         Reflect  .   m - amulet of regeneration
rElec    .         Harm     .   i - ring of protection from cold
rCorr    .         Rampage  .   (no ring)
MR       .....                  (no ring)
Stlth    ++........             (no ring)
HPRegen  0.52/turn              (no ring)
MPRegen  0.09/turn              (no ring)
                                (no ring)
                                (no ring)

@: mighty, lethally poisoned (-1 -> -3)
A: almost no armour, stealthy swim, amphibious, 8 rings, constrict 8, camouflage
1, blurry vision 1, deterioration 1, sense surroundings 1, gelatinous body 1
a: no special abilities


You were on level 3 of the Dungeon.
You visited 1 branch of the dungeon, and saw 4 of its levels.

You collected 145 gold pieces.

Inventory:

Hand Weapons
 a - a +0 flail (weapon)
Armour
 b - a +2 kite shield (worn)
Jewellery
 i - a ring of protection from cold (left tentacle)
 m - an amulet of regeneration (around mantle)
Wands
 u - a wand of random effects (16)
Scrolls
 d - 3 scrolls of fear {unknown}
 g - 5 scrolls of identify
 h - a scroll of enchant weapon {unknown}
 p - 2 scrolls of magic mapping
 q - a scroll of remove curse
 s - a scroll of blinking
Potions
 e - a potion of brilliance {unknown}
 f - a potion of degeneration {unknown}
 j - 2 potions of heal wounds {unknown}
 k - a potion of lignification {unknown}
 l - 2 potions of haste {unknown}
 n - a potion of curing {unknown}
 o - 3 potions of stabbing {unknown}
 r - a potion of cancellation {unknown}
 t - a potion of flight {unknown}


   Skills:
 + Level 4.2 Fighting
 + Level 4.5 Maces & Flails
 + Level 3.2 Dodging
 + Level 3.2 Shields


You had 4 spell levels left.
You didn't know any spells.
Your spell library was empty.

Dungeon Overview and Level Annotations

Branches:
Dungeon (4/15)
 Temple: D:4-7

Altars:

Annotations:
D:2 Robin


Innate Abilities, Weirdness & Mutations

You cannot wear most types of armour.
You are very stealthy in the water. (Stealth+)
You are amphibious.
You can wear up to eight rings at the same time.
You can use your tentacles to constrict eight enemies at once.
Your skin changes colour to match your surroundings (Stealth+).
Your rubbery body absorbs attacks. (AC +1, EV +1)
Scrolls take you a little longer to read.
Your body sometimes deteriorates upon taking damage.
You passively map a small area around you.


Message History

You feel very mighty all of a sudden. You block the orc priest's attack.
The scorpion stings you.
Your body deteriorates!
You feel weakened.
You are poisoned.
The scorpion poisons you!
You hit the orc priest. You grab the orc priest.
The orc priest is moderately wounded.
You constrict the orc priest.
You feel sick. The orc priest barely misses you.
You block the scorpion's attack.
You hit the orc priest.
The orc priest is severely wounded.
You constrict the orc priest.
You feel sick. You block the orc priest's attack.
The scorpion closely misses you.
The orc priest mumbles some strange prayers to Beogh against you.
Beogh smites you!
* * * LOW HITPOINT WARNING * * *
You closely miss the scorpion. Your grab misses the scorpion.
Your squeeze misses the scorpion.
You constrict the orc priest, but do no damage.
You feel sick. The scorpion stings you!
You die...

(##'##......#.#..##.##########.#
.##.#######.#.#..##..........#.#
.##..............###########...#
.####.......#..((...)..#
######## .# #.#####.##....####.#
#......# .# #.............#..#.#
#.######
.###########.##......#.# #.# #
.............##s[o...#.# #.#
.##########.....@).....###'##
.##########.#######.........#
.#................#.........#
##.########.#...............#
...# #.#..........######
###########.#.......####
#......#.#####'#.#
#.####.#.#####.#.#
#.####.#.......#.#


You could see a scorpion and an orc priest.

Vanquished Creatures
  An orc priest (D:3)
  8 adders
  An ooze (D:1)
  2 worms
  A dart slug (D:3)
  4 orcs (D:3)
  2 giant cockroaches (D:3)
  8 goblins
  12 hobgoblins
  3 jackals (D:1)
  2 quokkas (D:3)
  4 ball pythons
  5 bats
  9 frilled lizards
  8 kobolds
  8 rats
78 creatures vanquished.

Notes
Turn   | Place    | Note
-------+----------+-------------------------------------------
     0 | D:1      | Ijustatesigmund the Octopode Fighter began the quest for
                  | the Orb.
     0 | D:1      | Reached XP level 1. HP: 16/16 MP: 1/1
   354 | D:1      | Reached XP level 2. HP: 14/21 MP: 2/2
  1214 | D:2      | Reached XP level 3. HP: 26/26 MP: 3/3
  1222 | D:2      | Gained mutation: Scrolls take you a little longer to read.
                  | [potion of mutation]
  1222 | D:2      | Gained mutation: Your body sometimes deteriorates upon
                  | taking damage. [potion of mutation]
  1222 | D:2      | Gained mutation: You passively map a small area around you.
                  | [potion of mutation]
  1401 | D:2      | Found a faded altar of an unknown god.
  1444 | D:2      | Noticed Robin
  1901 | D:2      | Reached XP level 4. HP: 25/33 MP: 4/4
  2619 | D:3      | Reached XP level 5. HP: 32/37 MP: 5/5
  3750 | D:3      | Slain by a scorpion

Illustrated notes

Levels and vault maps discovered:
D:1:      giann_wishing_wells, layout_basic, minivault_24
D:2:      layout_loops_ring, chequers_ecumenical_altar_simple, uniq_robin
D:3:      layout_basic, minmay_increasing_density
D:4:      layout_cave_pools, gammafunk_ghost_mausoleum

Skill      XL: |  1  2  3  4 |
---------------+-------------+-----
Maces & Flails | 3 4 |  4.5
Fighting       | 4 |  4.2
Dodging        | |  3.2
Shields        | |  3.2

Action                   |  1- 3 |  4- 6 || total
-------------------------+-------+-------++-------
Melee: Flail             |    76 |    79 ||   155
       Constrict         |    24 |    27 ||    51
       Tentacles         |     8 |    20 ||    28
  Use: Scroll            |     7 |       ||     7
       Potion            |     1 |     1 ||     2
 Stab: Sleeping          |     4 |     8 ||    12
Armor: Skin              |     7 |     4 ||    11
Dodge: Dodged            |    35 |    37 ||    72
Block: Kite shield       |    31 |    51 ||    82

Table legend: (Time is in decaauts)
 A = Elapsed time spent in this place.
 B = Non-inter-level travel time spent in this place.
 C = Inter-level travel time spent in this place.
 D = Time resting spent in this place.
 E = Time spent auto-exploring this place.
 F = Levels seen in this place.
 G = Mean time per level.
                   A        B        C        D        E       F      G
               +--------+--------+--------+--------+--------+-----+--------+
         Total |   3815 |   3769 |     46 |    651 |   2598 |   4 |  953.8 |
       Dungeon |   3815 |   3769 |     46 |    651 |   2598 |   4 |  953.8 |
               +--------+--------+--------+--------+--------+-----+--------+

Top non-repeatable levels by time:
     D:3: 1787 daAuts
     D:1: 1137 daAuts
     D:2: 858 daAuts
     D:4: 32 daAuts
